TOP OF THE 1ST |
Belvedere Park Rawhides batting - Pitching for Billings Polar Bears : RHP Anatoly Ivanovich
|
Pitching: RHP Anatoly Ivanovich
|
|
Batting: RHB Kevin Johnson
|
0-0: Ball 1-0: Swinging Strike 1-1: Foul Ball, location: 2F 1-2: Foul Ball, location: 2F 1-2: Ball 2-2: Foul Ball, location: 2F 2-2: Ground out 5-3 (Groundball, 56)
|
Batting: RHB José Luque
|
0-0: Ball 1-0: SINGLE (Groundball, 56S) (infield hit)
|
Batting: RHB Ken Burton
|
0-0: Called Strike 0-1: Fly out, F9 (Flyball, 9)
|
Batting: RHB Harry Gibson
|
0-0: Ball 1-0: Called Strike José Luque is caught stealing 2nd base
|
Top of the 1st over - 0 run(s), 1 hit(s), 0 error(s), 0 left on base; Belvedere Park 0 - Billings 0 |
BOTTOM OF THE 1ST |
Billings Polar Bears batting - Pitching for Belvedere Park Rawhides : RHP Esteban Marino
|
Pitching: RHP Esteban Marino
|
|
Batting: LHB Carlos Medellín
|
0-0: Ball 1-0: Fly out, F8 (Flyball, 8RS)
|
Batting: LHB Augustus Driscoll
|
0-0: Called Strike 0-1: Ball 1-1: Ball 2-1: Ball 3-1: Base on Balls
|
Batting: RHB Wu-shiun Wang
|
0-0: Ground out 5-3 (Groundball, 56S) Augustus Driscoll to second
|
Batting: RHB Apu Nahasapeemapetilon
|
0-0: Called Strike 0-1: Ball 1-1: 2-RUN HOME RUN (Flyball, 7D), Distance : 378 ft
|
Batting: RHB Arturo Scantlebury
|
0-0: DOUBLE (Flyball, 78D)
|
Batting: LHB Fa-tang Wang
|
0-0: Fly out, F4 (Popup, 4)
|
Bottom of the 1st over - 2 run(s), 2 hit(s), 0 error(s), 1 left on base; Belvedere Park 0 - Billings 2 |
TOP OF THE 2ND |
Belvedere Park Rawhides batting - Pitching for Billings Polar Bears : RHP Anatoly Ivanovich
|
Batting: RHB Harry Gibson
|
0-0: Called Strike 0-1: Ball 1-1: Ball 2-1: Ground out 5-3 (Groundball, 56S)
|
Batting: RHB Ed Jozwiak
|
0-0: Fly out, F3 (Popup, 3L)
|
Batting: RHB José Ortíz
|
0-0: Fly out, F9 (Flyball, 9LM)
|
Top of the 2nd over - 0 run(s), 0 hit(s), 0 error(s), 0 left on base; Belvedere Park 0 - Billings 2 |
BOTTOM OF THE 2ND |
Billings Polar Bears batting - Pitching for Belvedere Park Rawhides : RHP Esteban Marino
|
Batting: LHB Gary Malone
|
0-0: Swinging Strike 0-1: Ball 1-1: Ball 2-1: Ball 3-1: Foul Ball, location: 2F 3-2: SINGLE (Line Drive, 7LS)
|
Batting: RHB Jorge Noutel
|
0-0: Foul Ball, location: 2F 0-1: Swinging Strike 0-2: Strikes out looking
|
Batting: LHB Mike Goff
|
0-0: Ball 1-0: Ball 2-0: Ball 3-0: Called Strike 3-1: SINGLE (Line Drive, 78S) Gary Malone to second
|
Batting: LHB Carlos Medellín
|
0-0: Ball 1-0: Called Strike 1-1: Ball 2-1: DOUBLE (Line Drive, 9LM) Gary Malone scores Mike Goff to third
|
Batting: LHB Augustus Driscoll
|
0-0: Ball 1-0: Swinging Strike 1-1: Ground out 5-3 (Groundball, 56) Mike Goff scores
|
Batting: RHB Wu-shiun Wang
|
0-0: Called Strike 0-1: Ground out 1-3 (Groundball, P)
|
Bottom of the 2nd over - 2 run(s), 3 hit(s), 0 error(s), 1 left on base; Belvedere Park 0 - Billings 4 |
TOP OF THE 3RD |
Belvedere Park Rawhides batting - Pitching for Billings Polar Bears : RHP Anatoly Ivanovich
|
Batting: RHB Warren Willis
|
0-0: Ball 1-0: Fly out, F7 (Flyball, 7LMF)
|
Batting: RHB Rodrigo Rodríguez
|
0-0: Ball 1-0: Foul Ball, location: 2F 1-1: Ball 2-1: Ball 3-1: Foul Ball, location: 2F 3-2: Strikes out swinging
|
Batting: SHB Ed Blackett
|
0-0: Called Strike 0-1: Ball 1-1: Ball 2-1: Foul Ball, location: 2F 2-2: SOLO HOME RUN (Flyball, 8LXD), Distance : 437 ft
|
Batting: RHB Kevin Johnson
|
0-0: Ball 1-0: Ball 2-0: Ball 3-0: Called Strike 3-1: Called Strike 3-2: Ground out 5-3 (Groundball, 56S)
|
Top of the 3rd over - 1 run(s), 1 hit(s), 0 error(s), 0 left on base; Belvedere Park 1 - Billings 4 |
BOTTOM OF THE 3RD |
Billings Polar Bears batting - Pitching for Belvedere Park Rawhides : RHP Esteban Marino
|
Batting: RHB Apu Nahasapeemapetilon
|
0-0: Ball 1-0: Ground out 5-3 (Groundball, 56S)
|
Batting: RHB Arturo Scantlebury
|
0-0: Ball 1-0: Ground out 5-3 (Groundball, 56S)
|
Batting: LHB Fa-tang Wang
|
0-0: Called Strike 0-1: Ball 1-1: Ball 2-1: Fly out, F4 (Popup, 4D)
|
Bottom of the 3rd over - 0 run(s), 0 hit(s), 0 error(s), 0 left on base; Belvedere Park 1 - Billings 4 |
TOP OF THE 4TH |
Belvedere Park Rawhides batting - Pitching for Billings Polar Bears : RHP Anatoly Ivanovich
|
Batting: RHB José Luque
|
0-0: Called Strike 0-1: Ball 1-1: Foul Ball, location: 2F 1-2: Strikes out looking
|
Batting: RHB Ken Burton
|
0-0: Swinging Strike 0-1: DOUBLE (Line Drive, 9)
|
Batting: RHB Harry Gibson
|
0-0: Called Strike 0-1: Swinging Strike 0-2: Ball 1-2: Foul Ball, location: 2F 1-2: Foul Ball, location: 2F 1-2: Ball 2-2: Foul Ball, location: 2F 2-2: Ground out 6-3 (Groundball, 6)
|
Batting: RHB Ed Jozwiak
|
0-0: Called Strike 0-1: Ball 1-1: Called Strike 1-2: Foul Ball, location: 2F 1-2: Foul Ball, location: 2F 1-2: Foul Ball, location: 2F 1-2: Ball 2-2: Ground out U3 (Groundball, 34S)
|
Top of the 4th over - 0 run(s), 1 hit(s), 0 error(s), 1 left on base; Belvedere Park 1 - Billings 4 |
BOTTOM OF THE 4TH |
Billings Polar Bears batting - Pitching for Belvedere Park Rawhides : RHP Esteban Marino
|
Batting: LHB Gary Malone
|
0-0: Ball 1-0: Ball 2-0: Ground out U3 (Groundball, 34S)
|
Batting: RHB Jorge Noutel
|
0-0: Called Strike 0-1: Ball 1-1: Ground out 4-3 (Groundball, 34)
|
Batting: LHB Mike Goff
|
0-0: Called Strike 0-1: Ball 1-1: Foul Ball, location: 2F 1-2: SINGLE (Line Drive, 78M)
|
Batting: LHB Carlos Medellín
|
0-0: Called Strike 0-1: Fly out, F9 (Line Drive, 9)
|
Bottom of the 4th over - 0 run(s), 1 hit(s), 0 error(s), 1 left on base; Belvedere Park 1 - Billings 4 |
TOP OF THE 5TH |
Belvedere Park Rawhides batting - Pitching for Billings Polar Bears : RHP Anatoly Ivanovich
|
Batting: RHB José Ortíz
|
0-0: Ball 1-0: Foul Ball, location: 2F 1-1: Ball 2-1: Ball 3-1: Ground out 4-3 (Groundball, 4)
|
Batting: RHB Warren Willis
|
0-0: Ball 1-0: Swinging Strike 1-1: Foul Ball, location: 2F 1-2: Ground out U3 (Groundball, 34S)
|
Batting: RHB Rodrigo Rodríguez
|
0-0: Called Strike 0-1: Ball 1-1: Called Strike 1-2: Ball 2-2: Strikes out swinging
|
Top of the 5th over - 0 run(s), 0 hit(s), 0 error(s), 0 left on base; Belvedere Park 1 - Billings 4 |
BOTTOM OF THE 5TH |
Billings Polar Bears batting - Pitching for Belvedere Park Rawhides : RHP Esteban Marino
|
Batting: LHB Augustus Driscoll
|
0-0: Ball 1-0: Foul Ball, location: 2F 1-1: Ball 2-1: Ball 3-1: Foul Ball, location: 2F 3-2: SINGLE (Line Drive, 34D)
|
Batting: RHB Wu-shiun Wang
|
0-0: Swinging Strike 0-1: Grounds into double play, 5-4-3 (Groundball, 5)
|
Batting: RHB Apu Nahasapeemapetilon
|
0-0: Called Strike 0-1: Ball 1-1: Foul Ball, location: 2F 1-2: Ball 2-2: Ball 3-2: Foul Ball, location: 2F 3-2: Fly out, F3 (Popup, 3D)
|
Bottom of the 5th over - 0 run(s), 1 hit(s), 0 error(s), 0 left on base; Belvedere Park 1 - Billings 4 |
TOP OF THE 6TH |
Belvedere Park Rawhides batting - Pitching for Billings Polar Bears : RHP Anatoly Ivanovich
|
Batting: SHB Ed Blackett
|
0-0: Called Strike 0-1: Foul Ball, location: 2F 0-2: Foul Ball, location: 2F 0-2: Ball 1-2: Foul Ball, location: 2F 1-2: Ball 2-2: Ground out 4-3 (Groundball, 4)
|
Batting: RHB Kevin Johnson
|
0-0: SINGLE (Flyball, 9S)
|
Batting: RHB José Luque
|
0-0: Ball Kevin Johnson is caught stealing 2nd base 1-0: Fly out, F5 (Line Drive, 56)
|
Top of the 6th over - 0 run(s), 1 hit(s), 0 error(s), 0 left on base; Belvedere Park 1 - Billings 4 |
BOTTOM OF THE 6TH |
Billings Polar Bears batting - Pitching for Belvedere Park Rawhides : RHP Esteban Marino
|
Batting: RHB Arturo Scantlebury
|
0-0: Called Strike 0-1: Ball 1-1: Swinging Strike 1-2: Ball 2-2: Foul Ball, location: 2F 2-2: Ground out 4-3 (Groundball, 4)
|
Batting: LHB Fa-tang Wang
|
0-0: Foul Ball, location: 2F 0-1: Ball 1-1: Ground out 4-3 (Groundball, 4)
|
Batting: LHB Gary Malone
|
0-0: Called Strike 0-1: Ground out 3-1 (Groundball, 34)
|
Bottom of the 6th over - 0 run(s), 0 hit(s), 0 error(s), 0 left on base; Belvedere Park 1 - Billings 4 |
TOP OF THE 7TH |
Belvedere Park Rawhides batting - Pitching for Billings Polar Bears : RHP Anatoly Ivanovich
|
Batting: RHB Ken Burton
|
0-0: Ball 1-0: Fly out, F6 (Popup, 6)
|
Pitching: RHP Dale Kurth
|
|
Batting: RHB Harry Gibson
|
0-0: Called Strike 0-1: Fly out, F6 (Line Drive, 6)
|
Batting: RHB Ed Jozwiak
|
0-0: Foul Ball, location: 2F 0-1: Ball 1-1: Fly out, F8 (Flyball, 8LM)
|
Top of the 7th over - 0 run(s), 0 hit(s), 0 error(s), 0 left on base; Belvedere Park 1 - Billings 4 |
BOTTOM OF THE 7TH |
Billings Polar Bears batting - Pitching for Belvedere Park Rawhides : RHP Esteban Marino
|
Batting: RHB Jorge Noutel
|
0-0: Ground out 4-3 (Groundball, 4M)
|
Batting: LHB Mike Goff
|
0-0: Ball 1-0: Foul Ball, location: 2F 1-1: Fly out, F9 (Line Drive, 9)
|
Batting: LHB Carlos Medellín
|
0-0: Ball 1-0: SINGLE (Line Drive, 9LM)
|
Batting: LHB Augustus Driscoll
|
0-0: Ball 1-0: Ball 2-0: Foul Ball, location: 2F 2-1: Called Strike Carlos Medellín steals 2nd base 2-2: Ball 3-2: Ground out 5-3 (Groundball, 56S)
|
Bottom of the 7th over - 0 run(s), 1 hit(s), 0 error(s), 1 left on base; Belvedere Park 1 - Billings 4 |
TOP OF THE 8TH |
Belvedere Park Rawhides batting - Pitching for Billings Polar Bears : RHP Dale Kurth
|
Batting: RHB José Ortíz
|
0-0: Called Strike 0-1: Foul Ball, location: 2F 0-2: Ball 1-2: Ball 2-2: SOLO HOME RUN (Flyball, 7D), Distance : 393 ft
|
Batting: RHB Warren Willis
|
0-0: Called Strike 0-1: Called Strike 0-2: Ball 1-2: Ball 2-2: Ball 3-2: Foul Ball, location: 2F 3-2: SINGLE (Groundball, 6D)
|
Batting: RHB Rodrigo Rodríguez
|
0-0: Called Strike 0-1: Ball 1-1: Ball 2-1: Called Strike 2-2: Foul Ball, location: 2F 2-2: Strikes out swinging
|
Pitching: LHP Rafael Torrez
|
|
Batting: SHB Ed Blackett
|
0-0: Ball 1-0: Called Strike 1-1: Foul Ball, location: 2F 1-2: Reached on error, E5 (Groundball, 5L) Warren Willis to second
|
Pitching: RHP Orlando Uribe
|
|
Pinch Hitting: RHB José Pérez
|
0-0: Called Strike 0-1: 3-RUN HOME RUN (Flyball, 78XD), Distance : 433 ft
|
Batting: RHB José Luque
|
0-0: Ground out 1-3 (Groundball, 15S)
|
Batting: RHB Ken Burton
|
0-0: Ball 1-0: Called Strike 1-1: Swinging Strike 1-2: Ball 2-2: Foul Ball, location: 2F 2-2: Foul Ball, location: 2F 2-2: Ball 3-2: SINGLE (Line Drive, 3)
|
Pinch Hitting: LHB Dan Webb
|
0-0: Foul Ball, location: 2F 0-1: Ball 1-1: Swinging Strike 1-2: Foul Ball, location: 2F 1-2: Strikes out swinging
|
Top of the 8th over - 4 run(s), 4 hit(s), 1 error(s), 1 left on base; Belvedere Park 5 - Billings 4 |
BOTTOM OF THE 8TH |
Billings Polar Bears batting - Pitching for Belvedere Park Rawhides : RHP Esteban Marino
|
Now at 1B: José Pérez
|
|
Now at SS: Charles Rowell
|
|
Batting: RHB Wu-shiun Wang
|
0-0: Ball 1-0: Foul Ball, location: 2F 1-1: Called Strike 1-2: Foul Ball, location: 2F 1-2: Fly out, F9 (Flyball, 89S)
|
Batting: RHB Apu Nahasapeemapetilon
|
0-0: Called Strike 0-1: Ball 1-1: Fly out, F4 (Popup, 4D)
|
Pitching: RHP Brian Krick
|
|
Batting: RHB Arturo Scantlebury
|
0-0: Foul Ball, location: 2F 0-1: Foul Ball, location: 2F 0-2: Ball 1-2: Strikes out looking
|
Bottom of the 8th over - 0 run(s), 0 hit(s), 0 error(s), 0 left on base; Belvedere Park 5 - Billings 4 |
TOP OF THE 9TH |
Belvedere Park Rawhides batting - Pitching for Billings Polar Bears : RHP Orlando Uribe
|
Batting: RHB Ed Jozwiak
|
0-0: Called Strike 0-1: Swinging Strike 0-2: Ball 1-2: Ball 2-2: Foul Ball, location: 2F 2-2: Ground out 5-3 (Groundball, 5S)
|
Batting: RHB José Ortíz
|
0-0: Foul Ball, location: 2F 0-1: Called Strike 0-2: Strikes out looking
|
Batting: RHB Warren Willis
|
0-0: Swinging Strike 0-1: Foul Ball, location: 2F 0-2: Ball 1-2: Foul Ball, location: 2F 1-2: Foul Ball, location: 2F 1-2: Strikes out swinging
|
Top of the 9th over - 0 run(s), 0 hit(s), 0 error(s), 0 left on base; Belvedere Park 5 - Billings 4 |
BOTTOM OF THE 9TH |
Billings Polar Bears batting - Pitching for Belvedere Park Rawhides : RHP Brian Krick
|
Pitching: RHP Collin Hill
|
|
Batting: LHB Fa-tang Wang
|
0-0: Ball 1-0: Ball 2-0: DOUBLE (Line Drive, 9D)
|
Pinch Hitting: LHB Víctor Fortis
|
0-0: Ball 1-0: Ball 2-0: Swinging Strike 2-1: Swinging Strike 2-2: DOUBLE (Line Drive, 8LD) Fa-tang Wang scores
|
Batting: RHB Jorge Noutel
|
0-0: Ball 1-0: Ball 2-0: Called Strike 2-1: Swinging Strike 2-2: Foul Ball, location: 2F 2-2: Foul Ball, location: 2F 2-2: Strikes out swinging
|
Batting: LHB Mike Goff
|
0-0: Called Strike 0-1: Foul Ball, location: 2F 0-2: Ball 1-2: Ball 2-2: Fly out, F7 (Flyball, 7)
|
Pitching: LHP Arnold Berry
|
|
Pinch Hitting: RHB Ramiro Martínez
|
0-0: Foul Ball, location: 2F 0-1: Ball 1-1: Fly out, F7 (Line Drive, 7S)
|
Bottom of the 9th over - 1 run(s), 2 hit(s), 0 error(s), 1 left on base; Belvedere Park 5 - Billings 5 |
TOP OF THE 10TH |
Belvedere Park Rawhides batting - Pitching for Billings Polar Bears : RHP Orlando Uribe
|
Pitching: RHP Bryan Tuff
|
|
Now in LF: Víctor Fortis
|
|
Now in RF: Terry Sylvester
|
|
Pinch Hitting: LHB Dan O'Day
|
0-0: Ball 1-0: Called Strike 1-1: Swinging Strike 1-2: Ball 2-2: Strikes out looking
|
Pinch Hitting: RHB Jorge López
|
0-0: Called Strike 0-1: Ball 1-1: Foul Ball, location: 2F 1-2: Foul Ball, location: 2F 1-2: Strikes out swinging
|
Batting: RHB José Pérez
|
0-0: DOUBLE (Line Drive, 8LD)
|
Pinch Hitting: RHB D.C. Aiken
|
0-0: Ball 1-0: Ball 2-0: Ball 3-0: Called Strike 3-1: Base on Balls
|
Pinch Runner at 2nd Walt Norrish:
|
|
Batting: RHB Ken Burton
|
0-0: Ball 1-0: Fly out, F7 (Flyball, 7)
|
Top of the 10th over - 0 run(s), 1 hit(s), 0 error(s), 2 left on base; Belvedere Park 5 - Billings 5 |
BOTTOM OF THE 10TH |
Billings Polar Bears batting - Pitching for Belvedere Park Rawhides : LHP Arnold Berry
|
Now at 1B: Jorge López
|
|
Now at 3B: D.C. Aiken
|
|
Now at SS: Walt Norrish
|
|
Now in CF: Dan O'Day
|
|
Pinch Hitting: RHB Fernando Trinidad
|
0-0: Ball 1-0: Called Strike 1-1: Ground out 6-3 (Groundball, 56)
|
Batting: RHB Wu-shiun Wang
|
0-0: Ball 1-0: Ball 2-0: Fly out, F7 (Flyball, 7)
|
Batting: RHB Apu Nahasapeemapetilon
|
0-0: Ball 1-0: Ball 2-0: Called Strike 2-1: Swinging Strike 2-2: Fly out, F8 (Flyball, 8RS)
|
Bottom of the 10th over - 0 run(s), 0 hit(s), 0 error(s), 0 left on base; Belvedere Park 5 - Billings 5 |
TOP OF THE 11TH |
Belvedere Park Rawhides batting - Pitching for Billings Polar Bears : RHP Bryan Tuff
|
Now at 2B: Tracy Larson
|
|
Batting: RHB Charles Rowell
|
0-0: Ball 1-0: Called Strike 1-1: Foul Ball, location: 2F 1-2: Strikes out looking
|
Batting: RHB Ed Jozwiak
|
0-0: Foul Ball, location: 2F 0-1: Ball 1-1: Called Strike 1-2: Fly out, F9 (Line Drive, 9)
|
Batting: RHB José Ortíz
|
0-0: Ball 1-0: Foul Ball, location: 2F 1-1: Foul Ball, location: 2F 1-2: Fly out, F8 (Line Drive, 89M)
|
Top of the 11th over - 0 run(s), 0 hit(s), 0 error(s), 0 left on base; Belvedere Park 5 - Billings 5 |
BOTTOM OF THE 11TH |
Billings Polar Bears batting - Pitching for Belvedere Park Rawhides : LHP Arnold Berry
|
Batting: RHB Arturo Scantlebury
|
0-0: Called Strike 0-1: Fly out, F8 (Flyball, 78M)
|
Batting: LHB Fa-tang Wang
|
0-0: SINGLE (Line Drive, 4M)
|
Batting: LHB Víctor Fortis
|
0-0: Ball 1-0: Ball Fa-tang Wang is caught stealing 2nd base 2-0: Called Strike 2-1: Called Strike 2-2: Foul Ball, location: 2F 2-2: Fly out, F4 (Popup, 4S)
|
Bottom of the 11th over - 0 run(s), 1 hit(s), 0 error(s), 0 left on base; Belvedere Park 5 - Billings 5 |
TOP OF THE 12TH |
Belvedere Park Rawhides batting - Pitching for Billings Polar Bears : RHP Bryan Tuff
|
Batting: RHB Warren Willis
|
0-0: Ball 1-0: Swinging Strike 1-1: Foul Ball, location: 2F 1-2: Strikes out looking
|
Batting: LHB Dan O'Day
|
0-0: Swinging Strike 0-1: Fly out, F9 (Flyball, 9LD)
|
Batting: RHB Jorge López
|
0-0: Swinging Strike 0-1: DOUBLE (Flyball, 9LM)
|
Pinch Hitting: RHB Jesús Calderón
|
0-0: Ground out 6-3 (Groundball, 6)
|
Top of the 12th over - 0 run(s), 1 hit(s), 0 error(s), 1 left on base; Belvedere Park 5 - Billings 5 |
BOTTOM OF THE 12TH |
Billings Polar Bears batting - Pitching for Belvedere Park Rawhides : LHP Arnold Berry
|
Now at SS: Jody Bennett
|
|
Batting: RHB Jorge Noutel
|
0-0: Called Strike 0-1: Called Strike 0-2: Ball 1-2: Foul Ball, location: 2F 1-2: Strikes out swinging
|
Batting: LHB Mike Goff
|
0-0: Ball 1-0: Ball 2-0: Foul Ball, location: 2F 2-1: Foul Ball, location: 2F 2-2: Strikes out swinging
|
Pinch Hitting: RHB Manny Alemán
|
0-0: Swinging Strike 0-1: Ball 1-1: Ball 2-1: Ball 3-1: Base on Balls
|
Batting: RHB Tracy Larson
|
0-0: Called Strike 0-1: Ball 1-1: Ball 2-1: Swinging Strike 2-2: Strikes out swinging
|
Bottom of the 12th over - 0 run(s), 0 hit(s), 0 error(s), 1 left on base; Belvedere Park 5 - Billings 5 |
TOP OF THE 13TH |
Belvedere Park Rawhides batting - Pitching for Billings Polar Bears : RHP Bryan Tuff
|
Now in LF: José Durán
|
|
Batting: RHB D.C. Aiken
|
0-0: Ball 1-0: Fly out, F9 (Flyball, 9S)
|
Batting: RHB Ken Burton
|
0-0: Ball 1-0: Called Strike 1-1: SOLO HOME RUN (Flyball, 7D), Distance : 375 ft
|
Batting: RHB Charles Rowell
|
0-0: Ball 1-0: Ground out 6-3 (Groundball, 6)
|
Batting: RHB Ed Jozwiak
|
0-0: Ball 1-0: Ball 2-0: Foul Ball, location: 2F 2-1: Ball 3-1: Ground out 1-3 (Groundball, P)
|
Top of the 13th over - 1 run(s), 1 hit(s), 0 error(s), 0 left on base; Belvedere Park 6 - Billings 5 |
BOTTOM OF THE 13TH |
Billings Polar Bears batting - Pitching for Belvedere Park Rawhides : LHP Arnold Berry
|
Pitching: LHP Bettino Banditelli
|
|
Batting: RHB Wu-shiun Wang
|
0-0: Ball 1-0: Fly out, F8 (Flyball, 8LM)
|
Batting: RHB Apu Nahasapeemapetilon
|
0-0: Ball 1-0: Ball 2-0: Ball 3-0: Called Strike 3-1: Fly out, F8 (Line Drive, 8LM)
|
Batting: RHB Arturo Scantlebury
|
0-0: Ball 1-0: Called Strike 1-1: Swinging Strike 1-2: Strikes out looking
|
Bottom of the 13th over - 0 run(s), 0 hit(s), 0 error(s), 0 left on base; Belvedere Park 6 - Billings 5 |
|